cohdb
Replays
Latest Replays
All Replays
Popular Replays
Top Player Replays
Match Explorer
How It Works
Community
CoH3 Stats
Reddit
Sign in to upload your games and track your stats! →
Sign in with Steam
Match 43160839
Unlisted
Match 43160839
Overview
Messages
Build Orders
End
Selects Italian Combined Arms Battlegroup
Selects Bersaglieri Squad
Selects Bersaglieri Squad
Bersaglieri Squad
Bersaglieri Squad
250 Light Carrier
Construct Light Support Kompanie
Bersaglieri Squad
2.5-tonne Medical Truck
Bersaglieri Squad
Selects Bersaglieri Bolster
Fire Support Elements
Flakvierling Half-track
Vehicle Survival Package
Tungsten Core Ammunition
Pak 38 Mechanized Group
Selects Breda Model 30 Light Machine Guns
Construct Panzerarmee Kommand
Armored Reserves
Selects Semovente da 75/18 Assault Gun
Selects Strafing Run
Strafing Run
Semovente da 75/18 Assault Gun
Emergency Repair Kits
Semovente da 75/18 Assault Gun
Selects Artillery Cover
Strafing Run
Tiger Heavy Tank
Rapid Advance
Construct Mechanized Kompanie
Artillery Cover
Husar
Erwin Rommel
Danko312
Bastogne
TDAWG
dawnwalker
0
0
Comments
sign in to comment!
No comments posted yet!